 Dungeon Crawl Stone Soup version 0.30.1-11-g7821555f0a (webtiles) character file.

Game seed: 15613221754998318100

48 jagang the Slasher (level 4, -1/35 HPs)
             Began as a Human Monk on Dec 22, 2023.
             Slain by a gnoll
             ... wielding a +0 spear
              (6 damage)
             ... on level 2 of the Dungeon.
             The game lasted 00:01:27 (720 turns).

jagang the Slasher (Human Monk)                      Turns: 720, Time: 00:01:28

Health: -1/35      AC:  3    Str: 11    XL:     4   Next: 0%
Magic:  4/4        EV: 12    Int: 11    God:
Gold:   17         SH:  0    Dex: 17    Spells: 3/3 levels left

rFire   . . .        a - +0 falchion
rCold   . . .        d - orb {light}
rNeg    . . .        k - +0 leather armour
rPois   .            (no helmet)
rElec   .            (no cloak)
rCorr   .            (no gloves)
SInv    .            (no boots)
Will    .....        (no amulet)
Stlth   +            (no ring)
HPRegen 0.25/turn    (no ring)
MPRegen 0.09/turn

%: no passive effects
@: glowing
A: no striking features
a: no special abilities


You were on level 2 of the Dungeon.
You visited 1 branch of the dungeon, and saw 2 of its levels.

You collected 17 gold pieces.

Inventory:

Hand Weapons
 a - a +0 falchion (weapon)
Armour
 d - an orb of light (worn)
 k - a +0 leather armour (worn)
Scrolls
 b - a scroll of noise {unknown}
 j - a scroll of magic mapping {unknown}
 l - a scroll of fog {unknown}
Potions
 c - a potion of ambrosia
 e - a potion of cancellation {unknown}
 f - a potion of curing {unknown}
 g - a potion of lignification {unknown}
 h - a potion of brilliance {unknown}
 i - a potion of attraction {unknown}


   Skills:
 + Level 3.5 Fighting
 + Level 3.6 Long Blades
 + Level 1.6 Armour
 - Level 3.0 Dodging


You had 3 spell levels left.
You didn't know any spells.
Your spell library was empty.

Dungeon Overview and Level Annotations

Branches:
Dungeon (2/15)

Altars:


Message History

The giant cockroach bites you but does no damage.
The giant cockroach attacks as you move away!
The giant cockroach bites you but does no damage.
You feel sick.
You barely miss the giant cockroach.
You feel sick. The giant cockroach barely misses you.
The kobold hits you with a +0 dagger.
You feel sick. The giant cockroach barely misses you.
You hit the giant cockroach.
The giant cockroach is heavily wounded.
You feel sick.
You are no longer poisoned.
The giant cockroach misses you.
You slash the giant cockroach!
You kill the giant cockroach!
The kobold hits you with a +0 dagger.
You are too injured to fight recklessly!
You are too injured to fight recklessly!
You are too injured to fight recklessly!
You barely miss the kobold.
A goblin comes into view. It is wielding a +0 dagger.
The kobold hits you but does no damage. The gnoll barely misses you.
You closely miss the kobold.
The goblin shouts!
The kobold hits you but does no damage.
The gnoll hits you from afar with a +0 spear.
You barely miss the kobold. The kobold closely misses you.
The gnoll hits you from afar with a +0 spear!
* * * LOW HITPOINT WARNING * * *
You hit the kobold.
You kill the kobold!
The gnoll hits you but does no damage.
You have reached level 4!
You feel clever.
The gnoll shouts!
The gnoll misses you.
A gnoll comes into view. It is wielding a +0 mace.
You hit the gnoll.
The gnoll is lightly wounded.
The gnoll hits you with a +0 spear.
You die...

#...........#
#...###♣.♣♣♣######
#.........♣♣.....#
#...##.♣PP..####.#
#..###.♣P..♣# #.#
#..# #)♣♣P.♣ #.#
...# #.###..#
#.######## #.##
#.. ##.#
#......... ....
... .# #@########
..#####.. #.####g#
..# .. #....gw#
...
.......#..$...#
.## .#..# ...#...#
. ... #..###..# .
.... ..# ..#gg .#
..#... #


You could see a worm, 2 gnolls and a goblin.

Vanquished Creatures
  An adder (D:2)
  2 dart slugs (D:1)
  2 bats (D:1)
  An endoplasm (D:1)
  A giant cockroach (D:2)
  7 goblins
  2 hobgoblins (D:1)
  2 quokkas
  5 ball pythons
  3 frilled lizards (D:1)
  6 kobolds
32 creatures vanquished.

Notes
Turn   | Place    | Note
-------+----------+-------------------------------------------
     0 | D:1      | jagang the Human Monk began the quest for the Orb.
     0 | D:1      | Reached XP level 1. HP: 18/18 MP: 1/1
    96 | D:1      | Reached XP level 2. HP: 16/24 MP: 2/2
   177 | D:1      | Reached skill level 1 in Armour
   309 | D:1      | Reached XP level 3. HP: 17/29 MP: 3/3
   718 | D:2      | Reached XP level 4. HP: 4/35 MP: 4/4
   720 | D:2      | Slain by a gnoll

Illustrated notes

Levels and vault maps discovered:
D:1:      kennysheep_arrival_forest, layout_rooms, minmay_hedge_maze,
          chequers_serial_rivers_room_b, minmay_cut_off
D:2:      layout_loops_ring, serial_forest, infiniplex_forest_end_3,
          infiniplex_forest_clump_diagonal, infiniplex_forest_lined_corner,
          infiniplex_forest_lined_room_2, infiniplex_forest_corner_1,
          infiniplex_forest_lined_3, infiniplex_forest_clump_long,
          infiniplex_forest_pool, infiniplex_forest_clump_small,
          minmay_pentomino_z2, uniq_terence

Skill      XL: |  1  2 |
---------------+-------+-----
Armour         | 1 |  1.6
Fighting       | |  3.5
Long Blades    | |  3.6
Dodging        | |  3.0

Action                     |  1- 3 |  4- 6 || total
---------------------------+-------+-------++-------
  Melee: Falchion          |    74 |     1 ||    75
 Armour: Robe              |    11 |       ||    11
         Leather armour    |     8 |       ||     8
  Dodge: Dodged            |    58 |     1 ||    59
